 Dungeon Crawl Stone Soup version 0.24-a0-736-g4e6fe308c7 (webtiles) character file.

Game seed: 9243839244046733252, levelgen mode: deterministic

68 MisterFreud the Changer (level 4, 0/28 HPs)
             Began as an Octopode Transmuter on Oct 2, 2019.
             Slain by Natasha (2 damage)
             ... on level 2 of the Dungeon.
             The game lasted 00:02:30 (1147 turns).

MisterFreud the Changer (Octopode Transmuter)       Turns: 1147, Time: 00:02:31

Health: 0/28       AC:  1    Str:  9    XL:     4   Next: 19%
Magic:  8/8        EV: 13    Int: 16    God:
Gold:   64         SH:  0    Dex: 12    Spells: 7/8 levels left

rFire    . . .     SeeInvis .     - Unarmed
rCold    . . .     Gourm    .   (no shield)
rNeg     . . .     Faith    .   (helmet restricted)
rPois    .         Spirit   .   (no amulet)
rElec    .         Reflect  .   (no ring)
rCorr    .         Harm     .   (no ring)
MR       .....                  (no ring)
Stlth    ++........             (no ring)
HPRegen  0.09/turn              (no ring)
MPRegen  0.11/turn              (no ring)
                                (no ring)
                                (no ring)

@: appendage (expiring), flying, slowed, very slow
A: almost no armour, stealthy swim, amphibious, 8 rings, constrict 8, tentacle
spike 3, camouflage 1, gelatinous body 1
a: End Transformation


You were on level 2 of the Dungeon.
You were hungry.
One of your tentacles had a temporary spike.
You visited 1 branch of the dungeon, and saw 3 of its levels.

You collected 64 gold pieces.

Inventory:

Missiles
 a - 12 arrows
 e - 24 stones (quivered)
Scrolls
 d - a scroll of magic mapping
Comestibles
 c - a ration


   Skills:
 - Level 1.0 Fighting
 - Level 2.0 Dodging
 - Level 3.0 Unarmed Combat
 + Level 2.8 Spellcasting
 * Level 3.7 Transmutations


You had 7 spell levels left.
You knew the following spells:

 Your Spells              Type           Power        Failure   Level  Hunger
a - Beastly Appendage     Tmut           ##....       4%          1    #......

Your spell library contained the following spells:

 Spells                   Type           Power        Failure   Level  Hunger
 Sticks to Snakes         Tmut           ##......     6%          2    ##.....
 Spider Form              Tmut/Pois      #.........   26%         3    ###....
 Ice Form                 Ice/Tmut       #.......     65%         4    #####..
 Blade Hands              Tmut           ##........   75%         5    ######.


Dungeon Overview and Level Annotations

Branches:
Dungeon (3/15)

Altars:

Annotations:
D:2 Natasha


Innate Abilities, Weirdness & Mutations

You cannot wear most types of armour.
You are very stealthy in the water. (Stealth+)
You are amphibious.
You can wear up to eight rings at the same time.
You can use your tentacles to constrict eight enemies at once.
Your skin changes colour to match your surroundings (Stealth+).
Your rubbery body absorbs attacks. (AC +1, EV +1)
One of your tentacles bears a large vicious spike.


Message History

* * * LOW HITPOINT WARNING * * *
As you read the scroll labeled NYATOL OTOSS, it crumbles to dust.
It is a scroll of enchant weapon.
You aren't carrying any weapons that can be enchanted.
Natasha casts a spell at you.
You feel yourself slow down.
As you read the scroll labeled LYTIEL KAMU, it crumbles to dust.
You feel blessed for a moment.
It was a scroll of remove curse.
Natasha hisses.
Natasha barely misses you.
As you read the scroll labeled GOUHEI SOILI, it crumbles to dust.
The dust glows pulsating orange!
It was a scroll of random uselessness.
Your transformation is almost over.
Natasha barely misses you. x2
You closely miss Natasha. You grab Natasha.
Your tentacle spike misses Natasha.
You constrict Natasha. Natasha closely misses you.
You barely miss Natasha. You squeeze Natasha.
Natasha is lightly wounded.
You constrict Natasha. Natasha claws you.
You die...

#########
#rh@....#
#h#####.# #>#
##### ##h##
#...########...##
#............[..#
##...########....#
....## ##h#.#
####### #.#.#


You could see Natasha, a jackal and a rat.

Vanquished Creatures
  Jessica (D:2)
  A gnoll (D:1)
  An adder (D:3)
  2 dart slugs
  3 goblins
  4 hobgoblins (D:1)
  2 jackals (D:2)
  3 frilled lizards
  3 kobolds (D:1)
20 creatures vanquished.

Notes
Turn   | Place    | Note
-------+----------+-------------------------------------------
     0 | D:1      | MisterFreud the Octopode Transmuter began the quest for the
                  | Orb.
     0 | D:1      | Reached XP level 1. HP: 13/13 MP: 3/3
    28 | D:1      | Reached XP level 2. HP: 18/18 MP: 3/5
   755 | D:1      | Reached XP level 3. HP: 20/23 MP: 6/6
  1063 | D:2      | Noticed Jessica
  1072 | D:2      | Killed Jessica
  1086 | D:2      | Noticed Natasha
  1103 | D:3      | Reached XP level 4. HP: 17/28 MP: 6/8
  1147 | D:2      | Slain by Natasha

Levels and vault maps discovered:
D:1:      lemuel_arrival_funnel, layout_basic
D:2:      layout_loops_ring, uniq_jessica, uniq_natasha
D:3:      layout_rooms

Skill      XL: |  1  2 |
---------------+-------+-----
Transmutations | 3 |  3.7
Fighting       | |  1.0
Dodging        | |  2.0
Unarmed Combat | |  3.0
Spellcasting   | |  2.8

Action                   |  1- 3 |  4- 6 || total
-------------------------+-------+-------++-------
Melee: Unarmed           |    42 |    10 ||    52
       Kick              |     6 |     2 ||     8
       Constrict         |    13 |     2 ||    15
       Tentacles         |    11 |     1 ||    12
 Cast: Beastly Appendage |     3 |     1 ||     4
  Use: Scroll            |       |     4 ||     4
       Potion            |       |     2 ||     2
 Stab: Sleeping          |     2 |     1 ||     3
Armor: Skin              |     2 |     1 ||     3
Dodge: Dodged            |    26 |    16 ||    42

Table legend:
 A = Non-vault XP
 B = Vault XP
 C = Vault XP percentage of total XP
 D = Non-vault monster count
 E = Vault monster count
 F = Vault count percentage of total count
                 A         B        C        D         E       F
            +---------+---------+-------+---------+---------+-------
      Total |      61 |      37 |  37.8 |      19 |       1 |   5.0
            +---------+---------+-------+---------+---------+-------
        D:1 |      36 |       0 |   0.0 |      12 |       0 |   0.0
        D:2 |      11 |      37 |  77.1 |       5 |       1 |  16.7
        D:3 |      14 |       0 |   0.0 |       2 |       0 |   0.0
            +---------+---------+-------+---------+---------+-------
